 Dungeon Crawl Stone Soup version 0.26-a0-854-gdc81c2f471 (webtiles) character file.

Game seed: 1501089189706024435

23 mhtbhm the Shield-Bearer (level 2, 0/20 HPs)
             Began as a Gargoyle Fighter on Nov 22, 2020.
             Slain by a gnoll
             ... wielding a +0 spear
              (3 damage)
             ... on level 2 of the Dungeon.
             The game lasted 00:01:11 (786 turns).

mhtbhm the Shield-Bearer (Gargoyle Fighter)          Turns: 786, Time: 00:01:11

Health: 0/20       AC:  9    Str: 19    XL:     2   Next: 95%
Magic:  2/2        EV:  4    Int:  8    God:
Gold:   111        SH:  0    Dex:  9    Spells: 1/1 levels left

rFire    . . .     SeeInvis .   a - +0 flail
rCold    . . .     Faith    .   c - +0 kite shield
rNeg     + . .     Spirit   .   b - +0 scale mail
rPois    ∞         Reflect  .   (no helmet)
rElec    +         Harm     .   (no cloak)
rCorr    .         Rampage  .   (no gloves)
MR       .....                  (no boots)
Stlth    ..........             (no amulet)
HPRegen  0.06/turn              (no ring)
MPRegen  0.08/turn              (no ring)

@: held
A: negative energy resistance 1, electricity resistance, unbreathing,
petrification resistance, rot immunity, AC +2
a: no special abilities


You were on level 2 of the Dungeon.
You visited 1 branch of the dungeon, and saw 2 of its levels.

You collected 111 gold pieces.

Inventory:

Hand Weapons
 a - a +0 flail (weapon)
Armour
 b - a +0 scale mail (worn)
 c - a +0 kite shield (worn)
Jewellery
 m - a cursed ring of stealth {unknown}
Scrolls
 e - 2 scrolls of teleportation {unknown}
 h - a scroll of remove curse {unknown}
 i - 3 scrolls of fog {unknown}
 j - a scroll of immolation {unknown}
Potions
 d - a potion of might
 f - a potion of ambrosia {unknown}
 g - a potion of haste {unknown}
 k - a potion of mutation {unknown}
 l - a potion of attraction {unknown}


   Skills:
 + Level 3.7 Fighting
 + Level 2.1 Maces & Flails
 + Level 3.6 Armour
 + Level 3.7 Shields


You had one spell level left.
You didn't know any spells.
Your spell library was empty.

Dungeon Overview and Level Annotations

Branches:
Dungeon (2/15)

Altars:


Innate Abilities, Weirdness & Mutations

You are resistant to torment.
Your stone body is resilient. (AC +2)
You are immune to poison.
You resist negative energy. (rN+)
You are resistant to electric shocks. (rElec)
You can survive without breathing.
You are immune to petrification.
You are immune to rotting.


Message History

You are too injured to fight recklessly!
You are too injured to fight recklessly!
You are too injured to fight recklessly!
You are too injured to fight recklessly!
You are too injured to fight recklessly!
You are too injured to fight recklessly!
You are too injured to fight recklessly!
You are too injured to fight recklessly!
You are too injured to fight recklessly!
You are too injured to fight recklessly!
You are too injured to fight recklessly!
The gnoll barely misses you.
The gnoll throws a throwing net.
The throwing net hits you.
You become entangled in the net!
The gnoll hits you from afar with a +0 spear.
* * * LOW HITPOINT WARNING * * *
You see here a throwing net.
You struggle against the net.
The gnoll hits you but does no damage. x2
You tear a large gash into the net.
The gnoll hits you but does no damage. x2
The gnoll hits you from afar with a +0 spear.
You die...

.... #..# . #
.... .. #
#.#..####.#
##.#.#.......
..$........
#.....#
#...@.#
#.g.g.#
#.g...#
#.....#
#.##.## ...
... ### ###


You could see 3 gnolls.

Vanquished Creatures
  A giant cockroach (D:1)
  3 hobgoblins (D:1)
  5 jackals (D:1)
  2 ball pythons (D:1)
  A bat (D:1)
  4 goblins (D:1)
  3 kobolds (D:1)
  A rat (D:1)
20 creatures vanquished.

Notes
Turn   | Place    | Note
-------+----------+-------------------------------------------
     0 | D:1      | mhtbhm the Gargoyle Fighter began the quest for the Orb.
     0 | D:1      | Reached XP level 1. HP: 14/14 MP: 1/1
   218 | D:1      | Reached XP level 2. HP: 18/19 MP: 2/2
   786 | D:2      | Slain by a gnoll

Illustrated notes

Levels and vault maps discovered:
D:1:      lemuel_arrival_room, layout_basic
D:2:      kb_forest_paths, layout_basic, nicolae_overflow_hidden_temple,
          minmay_heptomino_d4, uniq_robin

Action                   || total
-------------------------++-------
Melee: Flail             ||    68
Armor: Scale mail        ||    40
Dodge: Dodged            ||    24
Block: Kite shield       ||    49

Table legend: (Time is in decaauts)
 A = Elapsed time spent in this place.
 B = Non-inter-level travel time spent in this place.
 C = Inter-level travel time spent in this place.
 D = Time resting spent in this place.
 E = Time spent auto-exploring this place.
 F = Levels seen in this place.
 G = Mean time per level.
                   A        B        C        D        E       F      G
               +--------+--------+--------+--------+--------+-----+--------+
         Total |    814 |    814 |      0 |      0 |    589 |   2 |  407.0 |
       Dungeon |    814 |    814 |      0 |      0 |    589 |   2 |  407.0 |
               +--------+--------+--------+--------+--------+-----+--------+

Top non-repeatable levels by time:
     D:1: 804 daAuts
     D:2: 10 daAuts
